 Dungeon Crawl Stone Soup version 0.27.1-33-g824d729ab1 (webtiles) character file.

Game seed: 13269063784537512816

24 spaced the Conjurer (level 2, 0/20 HPs)
             Began as a Draconian Conjurer on Nov 26, 2021.
             Slain by a giant cockroach (2 damage)
             ... on level 2 of the Dungeon.
             The game lasted 00:03:58 (1218 turns).

spaced the Conjurer (Draconian Conjurer)            Turns: 1218, Time: 00:03:59

Health: 0/20       AC:  4    Str:  9    XL:     2   Next: 79%
Magic:  3/5        EV: 12    Int: 18    God:
Gold:   36         SH:  0    Dex:  9    Spells: 2/5 levels left

rFire    . . .     SeeInvis .   e - +0 short sword
rCold    . . .     Faith    .   (no shield)
rNeg     . . .     Spirit   .   (armour unavailable)
rPois    .         Reflect  .   (helmet restricted)
rElec    .         Harm     .   (no cloak)
rCorr    .         Rampage  .   (no gloves)
Will     .....                  (no boots)
Stlth    ++........             (no amulet)
HPRegen  0.06/turn              c - ring of flight
MPRegen  0.09/turn              (no ring)

@: flying
A: AC +4, unfitting armour, cold-blooded
a: no special abilities


You were on level 2 of the Dungeon.
You visited 1 branch of the dungeon, and saw 2 of its levels.

You collected 36 gold pieces.

Inventory:

Hand Weapons
 a - a +0 dagger
 e - a +0 short sword (weapon)
Jewellery
 c - a ring of flight (left hand)
Scrolls
 b - 2 scrolls of teleportation {unknown}
Potions
 d - a potion of heal wounds {unknown}


   Skills:
 + Level 0.2 Short Blades
 + Level 1.9 Dodging
 + Level 1.9 Stealth
 + Level 2.3 Spellcasting
 + Level 4.4 Conjurations


You had 2 spell levels left.
You knew the following spells:

 Your Spells              Type           Power      Damage    Failure   Level
a - Magic Dart            Conj           72%        1d6       2%          1
b - Searing Ray           Conj           36%        3d4       4%          2

Your spell library contained the following spells:

 Spells                   Type           Power      Damage    Failure   Level
 Dazzling Flash           Conj/Hex       20%        N/A       22%         3
 Fulminant Prism          Conj/Hex       5%         3d7       56%         4
 Iskenderun's Mystic Bla  Conj/Tloc      10%        2d4       56%         4


Dungeon Overview and Level Annotations

Branches:
Dungeon (2/15)

Altars:

Shops:
D:2 ?


Innate Abilities, Weirdness & Mutations

Your plain brown scales are hard. (AC +4)
You cannot fit into any form of body armour.
You are cold-blooded and may be slowed by cold attacks.


Message History

A jackal comes into view.
A jackal comes into view.
The bat closely misses you.
The jackal moves out of view.
The jackal barks!
The bat hits you but does no damage. The rat bites you but does no damage.
The bat barely misses you. The endoplasm completely misses you.
The rat bites you.
You hit the ball python.
You kill the ball python!
The bat hits you but does no damage.
The endoplasm hits you but does no damage.
The rat closely misses you. The giant cockroach barely misses you.
You miss the bat. The bat hits you but does no damage.
The bat closely misses you. The endoplasm freezes you.
You are frozen.
The giant cockroach bites you.
* * * LOW HITPOINT WARNING * * *
The rat closely misses you.
Unknown command.
Welcome back, spaced the Draconian Conjurer.
Press ? for a list of commands and other information.
Welcome back, spaced the Draconian Conjurer.
Press ? for a list of commands and other information.
You are too injured to fight recklessly!
The jackal barks!
You hit the endoplasm.
The endoplasm is almost dead.
You hear an angry hiss.
The bat hits you but does no damage. The giant cockroach bites you.
* * * LOW HITPOINT WARNING * * *
The jackal bites you but does no damage.
An adder comes into view.
The endoplasm hits you.
* * * LOW HITPOINT WARNING * * *
The rat bites you but does no damage. The giant cockroach bites you.
* * * LOW HITPOINT WARNING * * *
You hit the endoplasm.
You kill the endoplasm!
The giant cockroach bites you.
You die...

#..........#
####..........#
#.............#
#.............#
#####.............##
#..................##
#..................##
#..bBBg..$.####.##.##
#...@.J....# #.##.Bg
#...hr.....# #.#....
####h#...### #...#.#
#..#..)# #..#..#
#.##...# #....## #h
#...# ##..# #S #...#
#..# .. #...# #..#
..w#.#.# ##..# #


You could see an adder, an endoplasm, 3 jackals, 2 giant cockroaches, a goblin,
a bat and a rat.

Vanquished Creatures
  A dart slug (D:1)
  6 endoplasms
  A giant cockroach (D:2)
  2 goblins (D:1)
  3 kobolds (D:1)
  2 quokkas (D:1)
  2 ball pythons
  A bat (D:1)
  4 frilled lizards (D:1)
  A rat (D:1)
23 creatures vanquished.

Notes
Turn   | Place    | Note
-------+----------+-------------------------------------------
     0 | D:1      | spaced the Draconian Conjurer began the quest for the Orb.
     0 | D:1      | Reached XP level 1. HP: 14/14 MP: 3/3
   263 | D:1      | Reached XP level 2. HP: 20/20 MP: 0/5
   640 | D:1      | Learned a level 2 spell: Searing Ray
  1144 | D:2      | Found Xaev's Magic Scroll Boutique.
  1218 | D:2      | Slain by a giant cockroach

Illustrated notes

Levels and vault maps discovered:
D:1:      dpeg_arrival_simpleton_c, layout_basic
D:2:      layout_rooms, serial_shops, shop, minivault_24, minmay_pentomino_t2

Action                   || total
-------------------------++-------
Melee: Dagger            ||     9
       Short sword       ||    12
       Tailslap          ||     2
 Cast: Magic Dart        ||    43
Armor: Skin              ||    33
Dodge: Dodged            ||    30
